[Event "*** Titled Tuesday Blitz"]
[Site "Chess.com"]
[Date "2020.04.07"]
[Round "7"]
[White "Supelyel"]
[Black "BobSacIt"]
[Result "1/2-1/2"]
[WhiteElo "2350"]
[BlackElo "2198"]
[TimeControl "180+1"]
[EndTime "14:18:19 PDT"]
[Termination "Game drawn by agreement"]

1. c4 c5 2. Nc3 Nc6 3. Nf3 Nf6 4. g3 e6 5. Bg2 d5 6. cxd5 exd5 7.
d4 cxd4 8. Nxd4 Be7 9. O-O O-O 10. Bg5 Nxd4 11. Qxd4 Be6 12. Rfd1 Re8 13. Qa4 Qb6 14. Qb5 h6 15. Be3 Qc6 16. Rac1 a6 17.
Qb6 Qxb6 18. Bxb6 Rac8 19. Nxd5 Nxd5 20. Rxc8 Rxc8 21. Bxd5 Bxd5 22. Rxd5 Rc2 23. Bd4 Rxe2 24. Rd7 b5 25. Ra7 Re6 26. Kg2 Bf6 27. Bxf6 Rxf6 28.
f4 Re6 29. Kf3 g6 30. f5 Rd6 31. fxg6 Rxg6 32. h4 Re6 33. Kg4 Kg7 34. b3 Rd6 35. Kh3 Re6 36. Kg4 1/2-1/2

[Event "*** Titled Tuesday Blitz"]
[Site "Chess.com"]
[Date "2020.04.07"]
[Round "7"]
[White "Rsnr"]
[Black "Sebastian"]
[Result "1-0"]
[WhiteElo "2833"]
[BlackElo "3002"]
[TimeControl "180+1"]
[EndTime "14:18:20 PDT"]
[Termination "Rsnr won by resignation"]

1. d4 Nf6 2. c4 e6 3. Nf3 d5 4. g3 Be7 5. Bg2 O-O 6. O-O Nbd7 7. Qc2 c6 8. Nbd2 b6 9. e4 dxc4 10. Nxc4 Bb7 11. Rd1 c5 12. Nfe5 cxd4 13. Rxd4 Qc8 14.
Nxd7 Nxd7 15. Qd1 Nf6 16. Bf4 Rd8 17. Bd6 Qd7 18. e5 Nd5 19. Bxe7 Qxe7 20. Nd6 Bc6 21. Rc1 Qd7 22. Rdc4 Bb5 23. Bxd5 Bxc4 24. Bxc4 Qe7 25. Qb3 h6 26. f4 Rab8 27. a4 a6 28. Bxa6 Qa7 29. Bb5 Qa5 30. Qc3 Qa7 31. Qc7 Qa8 32. Qxf7+ Kh8 33. Rc7 Rg8 34. Qg6 Rbf8 35. Bd3 1-0

[Event "*** Titled Tuesday Blitz"]
[Site "Chess.com"]
[Date "2020.04.07"]
[Round "7"]
[White "yarosavich"]
[Black "Gabix_94"]
[Result "0-1"]
[WhiteElo "2725"]
[BlackElo "2887"]
[TimeControl "180+1"]
[EndTime "14:18:20 PDT"]
[Termination "Gabix_94 won by resignation"]

1. d4 Nf6 2. c4 c5 3. d5 e6 4. Nc3 exd5 5. cxd5 d6 6. e4 g6 7. h3 Bg7 8. Nf3 O-O 9. Bd3 Bd7 10. O-O b5 11.
Nxb5 Nxe4 12. Qc2 Na6 13. a3 Qb6 14. Bf4 Bxb5 15. Bxb5 Qxb5 16. Qxe4 Rfe8 17. Qc2 c4 18. Bxd6 Rad8 19. Bb4 Qxd5 20. Rad1 Nxb4 21. axb4 Qb5 22. Rxd8 Rxd8 23. Ra1 Qxb4 24. Ra4 Qxb2 25. Qxc4 Qb8 26.
Qc1 Rc8 27. Qd1 h6 28. g3 Qb7 29. Kg2 Qb6 30. Qd2 Rc3 31. Re4 Qc6 32. Qe2 a5 33.
Re8+ Kh7 34. Qe4 Qxe4 35. Rxe4 Rc6 36. Re7 Ra6 37. Rxf7 a4 38. Ne5 a3 39. Nd7 0-1

[Event "*** Titled Tuesday Blitz"]
[Site "Chess.com"]
[Date "2020.04.07"]
[Round "7"]
[White "Nastya_Rakhmangulova"]
[Black "ckgchess"]
[Result "0-1"]
[WhiteElo "2380"]
[BlackElo "2632"]
[TimeControl "180+1"]
[EndTime "14:18:21 PDT"]
[Termination "ckgchess won by resignation"]

1. e4 c5 2. Nf3 d6 3. d4 cxd4 4. Nxd4 Nf6 5. Nc3 a6 6. Bg5 e6 7.
f4 Qb6 8. Nb3 Nbd7 9. Be2 Be7 10. Qd2 Qc7 11. O-O-O b5 12. Bf3 Bb7 13. Rhe1 Rc8 14.
e5 dxe5 15. fxe5 Bxf3 16. gxf3 b4 17. exf6 gxf6 18. Nd5 exd5 19. Bf4 Ne5 20. Nd4 Rg8 21. Re2 Rg6 22. Nf5 Kf8 23. Nxe7 Qxe7 24. Qxd5 Kg8 25. Bxe5 fxe5 26. Rxe5 Qc7 27. Qd3 Qxe5 0-1

[Event "*** Titled Tuesday Blitz"]
[Site "Chess.com"]
[Date "2020.04.07"]
[Round "7"]
[White "michaelk123"]
[Black "Chesswizard_2007"]
[Result "1-0"]
[WhiteElo "2441"]
[BlackElo "2613"]
[TimeControl "180+1"]
[EndTime "14:18:23 PDT"]
[Termination "michaelk123 won on time"]

1. e4 c5 2. Nf3 e6 3. d4 cxd4 4.
Nxd4 a6 5. c4 Nf6 6. Nc3 Qc7 7.
Be2 Nc6 8. Be3 Be7 9. O-O O-O 10. Qd2 b6 11. Rac1 Bb7 12. Rfd1 Rfd8 13. f3 Na5 14. Bf1 Rac8 15. Qf2 Qb8 16. Na4 Ba8 17. Nb3 Nxb3 18. axb3 Bd6 19. g3 Bc5 20. Nxc5 bxc5 21. Bxc5 d6 22. Bd4 Nd7 23. Bc3 Nc5 24. b4 Na4 25. Qd4 Nxc3 26. bxc3 Bb7 27. Ra1 Qc7 28. Ra5 h6 29. Be2 Qe7 30. Qe3 Qf6 31. Kf2 d5 32. e5 Qg6 33. c5 Qh5 34. h4 Qf5 35. Bd3 Qh3 36. Bf1 Qh2+ 37. Bg2 d4 38. cxd4 Bd5 39.
Rh1 Rxc5 40. bxc5 Qxg2+ 41. Kxg2 1-0

[Event "*** Titled Tuesday Blitz"]
[Site "Chess.com"]
[Date "2020.04.07"]
[Round "7"]
[White "Alopekos"]
[Black "BakaPG"]
[Result "0-1"]
[WhiteElo "2443"]
[BlackElo "2673"]
[TimeControl "180+1"]
[EndTime "14:18:24 PDT"]
[Termination "BakaPG won on time"]

1. e4 e6 2. d4 d5 3. Nc3 Nf6 4. e5 Nfd7 5. Qg4 c5 6. dxc5 Nc6 7. Nf3 Ndxe5 8. Nxe5 Nxe5 9. Qg3 Ng6 10. Nb5 e5 11. h4 a6 12. h5 Nf4 13. Nd6+ Bxd6 14.
Qxg7 Rf8 15. cxd6 Qxd6 16. Bxf4 exf4 17. O-O-O Be6 18. Qf6 Kd7 19. Bd3 Rac8 20. Bxh7 Rc6 21. Rh4 Kc8 22. Rxf4 Kb8 23. h6 Ka8 24. Bd3 Qb8 25. Qd4 Rfc8 26. Rh4 Qc7 27. Rd2 f6 28. h7 Qg7 29. g3 Rh8 30. Rf4 Bf7 31. Re2 Bg6 32.
Bxg6 Qxg6 33. Qxd5 Qxh7 34. Rc4 Qh1+ 0-1

[Event "*** Titled Tuesday Blitz"]
[Site "Chess.com"]
[Date "2020.04.07"]
[Round "7"]
[White "Borsuk_Konstantin"]
[Black "Mbneu"]
[Result "1-0"]
[WhiteElo "2458"]
[BlackElo "2262"]
[TimeControl "180+1"]
[EndTime "14:18:24 PDT"]
[Termination "Borsuk_Konstantin won on time"]

1. d4 Nf6 2. c4 c5 3. d5 e6 4. Nc3 exd5 5. cxd5 d6 6. Nf3 g6 7.
Nd2 Bg7 8. e4 O-O 9. Be2 a6 10. a4 Re8 11. O-O Nbd7 12. Ra3 Ne5 13. h3 g5 14. Qc2 Ng6 15. Nc4 h6 16. Rb3 g4 17. Rb6 gxh3 18. Rxd6 hxg2 19. Rxd8 gxf1=Q+ 20. Bxf1 Rxd8 21. f4 Ng4 22. e5 Nh4 23. Be2 Bf5 24.
Qb3 h5 25. Qxb7 Rab8 26. Qe7 Ng6 27. Qg5 Nh6 28. Bxh5 Rb4 29. Qxd8+ Kh7 30. Be2 Bg4 31. Bxg4 Nxg4 32. Nd6 Rd4 33. Nxf7 Rd3 34. Ng5+ Kh6 35. Nf7+ Kh7 36. Kg2 1-0

[Event "*** Titled Tuesday Blitz"]
[Site "Chess.com"]
[Date "2020.04.07"]
[Round "7"]
[White "PowerThinking2650"]
[Black "EnergeticHay"]
[Result "1-0"]
[WhiteElo "2357"]
[BlackElo "2184"]
[TimeControl "180+1"]
[EndTime "14:18:26 PDT"]
[Termination "PowerThinking2650 won by resignation"]

1. e4 c5 2. Nf3 d6 3. d4 cxd4 4. Nxd4 Nf6 5. Nc3 a6 6. Be3 e6 7. f3 b5 8. Qd2 Nbd7 9. g4 h6 10. h4 Qc7 11. O-O-O b4 12. Nce2 d5 13. exd5 Nxd5 14.
Nf4 Bb7 15. Bd3 Bd6 16. Nfxe6 fxe6 17. Nxe6 Qa5 18. Nxg7+ Kf7 19. Bc4 Nf6 20. Nf5 Be5 21. Bd4 Bxd4 22. Qxd4 Rad8 23. g5 Ne8 24. Qxh8 Qc5 25.
Qh7+ Kf8 26. Qxh6+ Kg8 27. Qg6+ Kh8 28. Rhe1 Qf8 29.
Nh6 Qf4+ 30. Kb1 Nd6 31. Bxd5 Bxd5 32. Rxd5 Qg3 33. Rdd1 Qf4 34. Rxd6 1-0

[Event "*** Titled Tuesday Blitz"]
[Site "Chess.com"]
[Date "2020.04.07"]
[Round "7"]
[White "davigator"]
[Black "Bagirova"]
[Result "1-0"]
[WhiteElo "2338"]
[BlackElo "2166"]
[TimeControl "180+1"]
[EndTime "14:18:27 PDT"]
[Termination "davigator won by resignation"]

1. e4 c5 2. Nf3 d6 3. d4 cxd4 4. Nxd4 Nf6 5. Nc3 a6 6. Bg5 e6 7. f4 Be7 8. Qd2 Qc7 9. O-O-O O-O 10. Bd3 Nc6 11. Nf3 b5 12. Rhe1 b4 13. Ne2 a5 14.
Ned4 Nxd4 15. Nxd4 d5 16. e5 Ne8 17. Bxe7 Qxe7 18.
f5 a4 19. Nc6 Qb7 20. Nxb4 a3 21.
b3 Rb8 22. c3 d4 23. Nc2 dxc3 24. Qg5 exf5 25. Bxf5 Bxf5 26. Qxf5 Nc7 27. Rd7 Rbd8 28.
g4 Rxd7 29. Qxd7 Qb6 30. Qd6 Qa7 31. h4 Ne6 32. Qb4 Rc8 33. h5 Qf2 34. Rd1 Nf4 35. Kb1 Nd3 36. Qe4 Nb2 37. Re1 Rd8 38. e6 Qxe1+ 39.
Qxe1 Rd1+ 40. Qxd1 Nxd1 41. e7 1-0

[Event "*** Titled Tuesday Blitz"]
[Site "Chess.com"]
[Date "2020.04.07"]
[Round "7"]
[White "Usurpov"]
[Black "SHIVACalypso"]
[Result "1-0"]
[WhiteElo "2439"]
[BlackElo "2207"]
[TimeControl "180+1"]
[EndTime "14:18:27 PDT"]
[Termination "Usurpov won by resignation"]

1. e4 e6 2. d4 d5 3. e5 c5 4.
c3 Nc6 5. Nf3 Qb6 6. a3 f6 7.
Bd3 fxe5 8. Nxe5 Nxe5 9. dxe5 g6 10. O-O Bg7 11. c4 d4 12. f4 Qc7 13. b4 b6 14. Nd2 Ne7 15. Ne4 O-O 16. Bd2 Bb7 17. Qe2 Rad8 18. h3 a5 19. bxa5 bxa5 20. Rab1 Rb8 21.
Ng5 Bc8 22. Bxa5 Qa7 23. Rxb8 Qxb8 24. Rb1 Qa8 25. Bc7 Qxa3 26. Bd6 Re8 27. Rb8 Nc6 28. Rb1 Nb4 29. Be4 Ba6 30. Bxc5 d3 31. Qd2 Qa2 32.
Qxb4 Bxc4 33. Qb2 Qa4 34. Be3 h6 35. Nf3 Rd8 36. Nd2 Ba6 37. Bxg6 Qc6 38. Qb6 Qa4 39. Qxd8+ 1-0

[Event "*** Titled Tuesday Blitz"]
[Site "Chess.com"]
[Date "2020.04.07"]
[Round "7"]
[White "zivicd"]
[Black "Mezioudamina88"]
[Result "1-0"]
[WhiteElo "2287"]
[BlackElo "2082"]
[TimeControl "180+1"]
[EndTime "14:18:27 PDT"]
[Termination "zivicd won on time"]

1. e4 c5 2. Nc3 Nc6 3. g3 g6 4. Bg2 Bg7 5. d3 Nf6 6. Be3 d6 7.
h3 O-O 8. Qd2 Re8 9. Nge2 a6 10. O-O b5 11. e5 Nxe5 12. Bxa8 d5 13. f4 Bxh3 14. fxe5 Qxa8 15. exf6 exf6 16. Rf2 d4 17. Nxd4 cxd4 18. Bxd4 Qd8 19. Be3 Qc7 20. Kh2 Be6 21. Re1 h5 22. Bf4 Qb6 23. Rfe2 Rc8 24. a3 g5 25. Be3 Qb8 26. Rg1 h4 27.
Ne4 Qe5 28. c3 Qf5 29. g4 Qe5+ 30. Kh1 Rd8 31. Bd4 Rxd4 32. cxd4 Qxd4 33. Qe3 Qd5 34.
Qf3 Qb3 35. Rf1 Bd5 36. Kg1 b4 37. axb4 1-0

[Event "*** Titled Tuesday Blitz"]
[Site "Chess.com"]
[Date "2020.04.07"]
[Round "7"]
[White "karinachess1"]
[Black "JustaTrickstar"]
[Result "0-1"]
[WhiteElo "2521"]
[BlackElo "2661"]
[TimeControl "180+1"]
[EndTime "14:18:28 PDT"]
[Termination "JustaTrickstar won by checkmate"]

1. d4 d5 2. Nf3 Nf6 3. c4 e6 4. Nc3 Nbd7 5. Bg5 h6 6. Bh4 Be7 7. e3 O-O 8. cxd5 Nxd5 9. Bxe7 Qxe7 10. Nxd5 exd5 11. Bd3 c5 12. dxc5 Nxc5 13. Be2 Rd8 14. O-O Bg4 15. Nd4 Bxe2 16. Qxe2 Ne6 17. Rfd1 Rac8 18. Rd2 Rc4 19. Rad1 Rdc8 20. Nf5 Qf6 21. b3 Rc1 22. Rxd5 R8c2 23. Qf3 Rxd1+ 24. Rxd1 Rxa2 25. h3 Kh7 26. Qe4 g6 27. Ng3 Qxf2+ 28. Kh2 Ng5 29.
Qd5 Nf3+ 30. Kh1 Qxg2# 0-1

[Event "*** Titled Tuesday Blitz"]
[Site "Chess.com"]
[Date "2020.04.07"]
[Round "7"]
[White "chessdjw"]
[Black "dragos420"]
[Result "1-0"]
[WhiteElo "2650"]
[BlackElo "2514"]
[TimeControl "180+1"]
[EndTime "14:18:28 PDT"]
[Termination "chessdjw won by resignation"]

1. e4 e5 2. Nf3 Nc6 3. Bc4 Nf6 4. d3 h6 5. c3 d6 6. O-O g5 7. b4 Bg7 8. a4 O-O 9. Na3 a5 10. b5 Ne7 11. Bb3 Ng6 12. Nc4 Be6 13.
Re1 Nd7 14. Ne3 Nf4 15. d4 Bxb3 16. Qxb3 Nd3 17. Rd1 Nxc1 18. Raxc1 Kh7 19. h3 Qe7 20. Nf5 Qe6 21. Qb1 Rae8 22. Re1 Qc4 23. Qc2 Nb6 24.
Ra1 exd4 25. N3xd4 Be5 26. Ne3 Qc5 27. Qd3 Nd7 28.
Nc4 Qa7 29. g3 Nc5 30. Qc2 Ne6 31. Nb3 Bxg3 32. b6 cxb6 33. fxg3 b5+ 34. Ne3 b4 35.
cxb4 axb4 36. Kg2 Rc8 37. Qf2 Rc3 38. Nd2 Rfc8 39. Qxf7+ Ng7 40. Nd5 Rc2 41. Re2 Qd4 42. Nf6+ Kh8 43. Qg6 1-0

[Event "*** Titled Tuesday Blitz"]
[Site "Chess.com"]
[Date "2020.04.07"]
[Round "7"]
[White "Alliswell998"]
[Black "RestartingChess"]
[Result "1-0"]
[WhiteElo "2536"]
[BlackElo "2372"]
[TimeControl "180+1"]
[EndTime "14:18:28 PDT"]
[Termination "Alliswell998 won by resignation"]

1. e4 b6 2. Nc3 Bb7 3. f4 g6 4. Nf3 Bg7 5. d3 e6 6. Be2 Ne7 7. O-O d5 8. e5 d4 9. Ne4 Bxe4 10. dxe4 c5 11. c3 dxc3 12. Qxd8+ Kxd8 13. bxc3 Nec6 14. Be3 Ke7 15. Rad1 Na5 16. f5 gxf5 17. exf5 exf5 18. Bg5+ f6 19. Bh4 Nbc6 20. Bb5 Rad8 21. Rde1 Kf7 22. e6+ Ke7 23. Ne5 Nxe5 24. Rxe5 Rd6 25. Bd7 Nc4 26.
Rexf5 Ne3 27. Rxf6 Bxf6 28. Bxf6+ Kf8 29. e7+ Kf7 30.
Bxh8+ Kxe7 31. Re1 Kxd7 32. Rxe3 Rd2 33. Rh3 Rxa2 34.
Rxh7+ Ke6 35. h4 a5 36. Rb7 Rb2 37. h5 a4 38. Ra7 b5 39. Kh2 Kf5 40. c4 bxc4 41.
Bxb2 1-0

[Event "*** Titled Tuesday Blitz"]
[Site "Chess.com"]
[Date "2020.04.07"]
[Round "7"]
[White "awesomevishesh"]
[Black "fpawn"]
[Result "1/2-1/2"]
[WhiteElo "2463"]
[BlackElo "2312"]
[TimeControl "180+1"]
[EndTime "14:18:28 PDT"]
[Termination "Game drawn by agreement"]

1. e4 c5 2. Nf3 Nc6 3. Bb5 g6 4. O-O Bg7 5. c3 Nf6 6. Re1 O-O 7. d4 d5 8. e5 Ne4 9. Be3 cxd4 10. cxd4 Qb6 11.
Bxc6 Qxc6 12. h3 Bf5 13. Nbd2 Rac8 14. Rc1 Qxc1 15. Qxc1 Rxc1 16. Rxc1 Nxd2 17. Nxd2 Rc8 18. Rxc8+ Bxc8 19. Nb1 f6 20. f4 b6 21. Nc3 e6 22.
Kf2 Bd7 23. Ke2 Kf7 24. Kd3 Bf8 25. a3 a5 26. Bf2 Be7 27. g4 f5 28. Kc2 h5 29. gxf5 gxf5 30. a4 Ke8 31. b3 Bc6 32. Ne2 Kd8 33. Ng1 b5 34. axb5 Bxb5 35. Nf3 a4 36. bxa4 Bxa4+ 37. Kb2 Ke8 38. Bh4 Bf8 39.
Kc3 Bh6 40. Bg5 Bf8 41. Kd2 Kf7 42. Ke3 Ba3 43. Kf2 Bd1 44. Nd2 Bb2 45. Ke3 Bc1 46.
Kd3 Bxd2 47. Kxd2 Ba4 48. Ke3 1/2-1/2

[Event "*** Titled Tuesday Blitz"]
[Site "Chess.com"]
[Date "2020.04.07"]
[Round "7"]
[White "Vamostodorecto"]
[Black "IAgrest"]
[Result "1-0"]
[WhiteElo "2417"]
[BlackElo "2191"]
[TimeControl "180+1"]
[EndTime "14:18:28 PDT"]
[Termination "Vamostodorecto won by resignation"]

1. d4 Nf6 2. c4 g6 3. Nc3 Bg7 4. e4 d6 5. Be2 O-O 6. Nf3 Nbd7 7. O-O e5 8. Re1 Re8 9. Bf1 c6 10. d5 Nf8 11. Bg5 h6 12. Be3 c5 13. Nd2 Ng4 14.
Bd3 f5 15. f3 Nxe3 16. Rxe3 h5 17. Qc2 Bh6 18. Re2 Qg5 19. Rf1 h4 20. Nb5 Rd8 21. f4 exf4 22. Nf3 Qf6 23. exf5 g5 24.
h3 Bg7 25. Nh2 Qf7 26. Rfe1 a6 27. Re7 Qf6 28. Nc7 Rb8 29. Ne8 Rxe8 30. Rxe8 b5 31. Ng4 Qd4+ 32. Kh2 bxc4 33. Qxc4 Rxb2 34. Qxd4 Bxd4 35.
Rxc8 1-0

[Event "*** Titled Tuesday Blitz"]
[Site "Chess.com"]
[Date "2020.04.07"]
[Round "7"]
[White "Perecke"]
[Black "kasparicy"]
[Result "0-1"]
[WhiteElo "2157"]
[BlackElo "2329"]
[TimeControl "180+1"]
[EndTime "14:18:28 PDT"]
[Termination "kasparicy won by resignation"]

1. e4 c5 2. Nf3 d6 3. d4 cxd4 4. Nxd4 Nf6 5. Nc3 a6 6. h3 e6 7. g4 b5 8. Bg2 Bb7 9. O-O Nfd7 10.
Be3 Nb6 11. b3 Be7 12. f4 N8d7 13. f5 e5 14. Nf3 Rc8 15. Ne2 O-O 16. Ng3 d5 17. exd5 Nxd5 18. Bd2 Bc5+ 19. Kh2 Ne3 20. Bxe3 Bxe3 21. Qe2 Bf4 22. Rad1 Qe7 23. Qf2 Nf6 24. Kh1 Rc3 25. Rd3 Bxg3 26. Qxg3 Rxc2 27. Re3 Ne4 28. Qxe5 Ng3+ 29. Qxg3 Qxe3 30. f6 g6 31. Re1 Qc3 32. Re7 Bxf3 33. Bxf3 Qxf6 34. Ra7 Rd8 35. Bg2 Rdd2 0-1

[Event "*** Titled Tuesday Blitz"]
[Site "Chess.com"]
[Date "2020.04.07"]
[Round "7"]
[White "Keranke"]
[Black "Fandorine"]
[Result "1-0"]
[WhiteElo "2798"]
[BlackElo "2963"]
[TimeControl "180+1"]
[EndTime "14:18:29 PDT"]
[Termination "Keranke won by resignation"]

1. c4 e5 2. g3 g6 3. Bg2 Bg7 4. Nc3 Nc6 5. d3 d6 6. Nf3 Nge7 7.
O-O O-O 8. Rb1 f5 9. e3 h6 10. Nd5 Be6 11. Nd2 Qd7 12. b4 Rae8 13. b5 Nd8 14. f4 Nc8 15. Nf3 Kh7 16. Bb2 Bf7 17.
Qa4 a6 18. Qa5 Bxd5 19. cxd5 axb5 20. Rfc1 Nb6 21. fxe5 dxe5 22. Ba3 Nxd5 23. Bxf8 Rxf8 24. Qxb5 c6 25. Qc5 f4 26. Nxe5 Qe8 27. exf4 Ne6 28.
Qa7 Nexf4 29. gxf4 Nxf4 30. d4 Nxg2 31. Rxb7 Rg8 32.
Rxc6 Qe6 33. Rxe6 1-0

[Event "*** Titled Tuesday Blitz"]
[Site "Chess.com"]
[Date "2020.04.07"]
[Round "7"]
[White "Zaven_ChessMood"]
[Black "Sibelephant"]
[Result "1-0"]
[WhiteElo "2899"]
[BlackElo "3141"]
[TimeControl "180+1"]
[EndTime "14:18:30 PDT"]
[Termination "Zaven_ChessMood won by checkmate"]

1. e4 e5 2. Nf3 Nc6 3. Bc4 Nf6 4. d3 Be7 5. O-O O-O 6. a4 d6 7. h3 Kh8 8. Nc3 Be6 9. a5 a6 10. Nd5 Ng8 11. c3 f5 12. exf5 Bxf5 13. d4 e4 14. Nd2 Bh4 15. f3 exf3 16. Nxf3 Be4 17.
Bd2 Bf6 18. Qe1 Re8 19. Qg3 h6 20. b4 Qd7 21. Rae1 Bh7 22. Nf4 Rxe1 23. Rxe1 Re8 24. Rf1 Nce7 25. Be6 Qa4 26. Qg4 Qc2 27. Kh2 Bf5 28. Qh5 g6 29. Bxf5 Qxf5 30. Qxf5 gxf5 31. Re1 Rc8 32. Nh5 Rf8 33. Re6 Kh7 34. g4 fxg4 35. hxg4 Kg6 36. c4 Kf7 37. d5 Ng6 38. Bxh6 Bg7 39.
Ng5# 1-0

[Event "*** Titled Tuesday Blitz"]
[Site "Chess.com"]
[Date "2020.04.07"]
[Round "7"]
[White "bascheyaro"]
[Black "Rish_97"]
[Result "1-0"]
[WhiteElo "2761"]
[BlackElo "2570"]
[TimeControl "180+1"]
[EndTime "14:18:31 PDT"]
[Termination "bascheyaro won by resignation"]

1. d4 d5 2. c4 c6 3. Nc3 Nf6 4. Nf3 e6 5. Bg5 Nbd7 6. e3 h6 7. Bh4 g5 8. Bg3 Nh5 9. Be5 Nhf6 10. cxd5 exd5 11. Bd3 Nxe5 12. Nxe5 Bg7 13. h4 g4 14. h5 Be6 15. Ne2 Qb6 16. Nf4 O-O-O 17. O-O Bf8 18. Nxe6 fxe6 19. Nxg4 Nxh5 20. Bg6 Ng7 21. Ne5 Rg8 22. Bf7 Rh8 23. Qg4 Qc7 24. Bxe6+ Kb8 25. Nf7 h5 26. Qh3 Bd6 27. Nxh8 Rxh8 28. f4 Qe7 29. f5 Qf6 30. Rf3 h4 31. Qg4 Nh5 32. Qg6 Qe7 33. Qf7 Qg5 34. Qg6 Qe7 35. a3 Ng3 36. b4 a6 37. Rb1 Rh7 38. Qg8+ Ka7 39. f6 Qc7 40. f7 h3 41. Qxh7 h2+ 42. Kxh2 Ne4+ 43. Kg1 Nd2 44. Rbf1 Nxf1 45. Rxf1 1-0

[Event "*** Titled Tuesday Blitz"]
[Site "Chess.com"]
[Date "2020.04.07"]
[Round "7"]
[White "Vuk2000"]
[Black "TwentyHoursADay"]
[Result "0-1"]
[WhiteElo "2623"]
[BlackElo "2533"]
[TimeControl "180+1"]
[EndTime "14:18:31 PDT"]
[Termination "TwentyHoursADay won by resignation"]

1. e4 c5 2. g3 Nc6 3. Bg2 g6 4.
Ne2 Bg7 5. c3 e5 6. O-O Nge7 7.
d3 d6 8. Be3 O-O 9. Nd2 Be6 10. f4 f5 11. fxe5 Nxe5 12. Nf4 Bf7 13. d4 Ng4 14. Qe2 Nxe3 15. Qxe3 cxd4 16. cxd4 Qb6 17.
Ne2 fxe4 18. Bxe4 Rae8 19. Qd3 Nc6 20. Nc4 Qc7 21. Ne3 Nb4 22. Qb1 Qe7 23. Nc3 Bxd4 24.
Re1 d5 25. a3 Nc6 26. Bxd5 Bxe3+ 27. Kg2 Qc5 28. Bf3 Nd4 29. Ne4 Qc2+ 30. Qxc2 Nxc2 31. Nf6+ Kh8 32. Nxe8 Nxe1+ 33. Rxe1 Rxe8 34. Bxb7 Kg7 35. Bc6 Re7 36. h4 Bc5 37. Rc1 Re2+ 38. Kh3 Be6+ 39. g4 Bd6 40. Bg2 Re3+ 0-1

[Event "*** Titled Tuesday Blitz"]
[Site "Chess.com"]
[Date "2020.04.07"]
[Round "7"]
[White "The_Machine04"]
[Black "Qingdom"]
[Result "1-0"]
[WhiteElo "2369"]
[BlackElo "2134"]
[TimeControl "180+1"]
[EndTime "14:18:31 PDT"]
[Termination "The_Machine04 won on time"]

1. d4 Nf6 2. Bg5 d5 3. e3 Nbd7 4. f4 h6 5. Bxf6 exf6 6. Bd3 Bd6 7. Nf3 O-O 8. O-O Re8 9. Re1 c5 10. c3 Nb6 11. Nbd2 Bg4 12. h3 Bxf3 13. Qxf3 Qd7 14.
Rad1 Na4 15. Rb1 Bf8 16. Qf1 a6 17. Bc2 b5 18. Qd3 g6 19. f5 g5 20. Bxa4 bxa4 21.
Nf3 Qb5 22. Qd2 Rab8 23. a3 Rb6 24. Re2 Reb8 25. Ne1 cxd4 26. exd4 Bxa3 27. Nd3 Bf8 28. Ra1 Re8 29. Rxe8 Qxe8 30. Qe1 Qxe1+ 31. Rxe1 a3 32. bxa3 Bxa3 33. Re8+ Kg7 34. Rd8 Rb3 35. Rc8 1-0

[Event "*** Titled Tuesday Blitz"]
[Site "Chess.com"]
[Date "2020.04.07"]
[Round "7"]
[White "MixMasterChess"]
[Black "Tomytoteph"]
[Result "1-0"]
[WhiteElo "2119"]
[BlackElo "2290"]
[TimeControl "180+1"]
[EndTime "14:18:31 PDT"]
[Termination "MixMasterChess won by resignation"]

1. e4 c5 2. Nc3 e6 3. g3 Nc6 4. Bg2 g6 5. d3 Bg7 6. f4 Nge7 7. Nf3 d5 8. O-O O-O 9. e5 b6 10. Bd2 Bb7 11. Qe1 Nf5 12. g4 Nfd4 13. Rc1 Nxf3+ 14.
Rxf3 Nd4 15. Rh3 f6 16. Qh4 h6 17. exf6 Qxf6 18. g5 Qf5 19. gxh6 Bf6 20. h7+ Kh8 21. Qh6 Bg7 22. Qg5 Qxg5 23. fxg5 Rf5 24. a4 Raf8 25. Kh1 Rf2 26. Be1 Rxc2 27. Rxc2 Nxc2 28. Bg3 Ne3 29. Bd6 Nxg2 30. Bxf8 Bxf8 31. Kxg2 Bg7 32. Kf2 Bd4+ 33. Ke2 Bc6 34. Rh6 Be8 35. Nb5 Bxb2 36. Nd6 Bxa4 37. Nf7+ Kg7 38. h8=Q+ Kxf7 39. Rh7+ 1-0

[Event "*** Titled Tuesday Blitz"]
[Site "Chess.com"]
[Date "2020.04.07"]
[Round "7"]
[White "Rubinstein_Akiba"]
[Black "H3nriqueTV"]
[Result "1-0"]
[WhiteElo "2353"]
[BlackElo "2176"]
[TimeControl "180+1"]
[EndTime "14:18:32 PDT"]
[Termination "Rubinstein_Akiba won by checkmate"]

1. e4 c5 2. Be2 b6 3. f4 Bb7 4.
d3 e6 5. Nf3 Nc6 6. O-O Nf6 7.
c3 d5 8. e5 Nd7 9. d4 Qe7 10.
a4 a5 11. Be3 f6 12. Na3 Qd8 13. Nb5 Ba6 14. exf6 gxf6 15. f5 e5 16. dxe5 Ndxe5 17. Nxe5 Nxe5 18. Bh5+ Ke7 19. Re1 Bxb5 20. axb5 Qd6 21.
Bf4 Rg8 22. Bf3 Rd8 23. b4 cxb4 24. cxb4 Qxb4 25. Bxe5 fxe5 26. Rxe5+ Kf7 27. Bxd5+ Kg7 28. f6+ Kh8 29. Kh1 Qf4 30. Qe2 Bd6 31. Rh5 Rgf8 32. Rf1 Qd4 33. Rxh7+ Kxh7 34. Qh5# 1-0

[Event "*** Titled Tuesday Blitz"]
[Site "Chess.com"]
[Date "2020.04.07"]
[Round "7"]
[White "Algeriano22"]
[Black "Rogue_King"]
[Result "1-0"]
[WhiteElo "2657"]
[BlackElo "2223"]
[TimeControl "180+1"]
[EndTime "14:18:32 PDT"]
[Termination "Algeriano22 won by resignation"]

1. e4 c6 2. d4 d5 3. e5 Bf5 4. h4 h5 5. c4 e6 6. Nc3 Ne7 7. Nge2 Nd7 8. Ng3 dxc4 9. Bxc4 Nb6 10. Bb3 Bg6 11. Bg5 Qd7 12. Nce4 Bxe4 13. Nxe4 Nf5 14. O-O Qxd4 15. Qf3 Qxe5 16. Rfe1 Qa5 17. a3 Be7 18. Bxe7 Kxe7 19. Ng5 Rh6 20. Rad1 Re8 21. Qf4 Kf8 22. Re5 Nd5 23. Nf3 Nxf4 24. Rxa5 a6 25. Rd7 Rg6 26. g3 Nd5 27. Rxb7 Rc8 28. Rxa6 Rf6 29. Ne5 Nd6 30. Rba7 Ne4 31. Nd7+ Kg8 32. Nxf6+ Ndxf6 33. Ra8 Rxa8 34. Rxa8+ Kh7 35. Bc2 Kh6 36. Rh8+ Kg6 37. f3 1-0

[Event "*** Titled Tuesday Blitz"]
[Site "Chess.com"]
[Date "2020.04.07"]
[Round "7"]
[White "Mikhail_Golubev"]
[Black "EugeneRougon"]
[Result "1-0"]
[WhiteElo "2540"]
[BlackElo "2702"]
[TimeControl "180+1"]
[EndTime "14:18:33 PDT"]
[Termination "Mikhail_Golubev won by checkmate"]

1. e4 e6 2. d4 d5 3. Nc3 Bb4 4. e5 c5 5. a3 Bxc3+ 6. bxc3 Ne7 7.
a4 Nbc6 8. Nf3 Qa5 9. Bd2 Bd7 10. Bb5 Qc7 11. O-O Ng6 12. Bc1 Na5 13. Ba3 b6 14.
Bxd7+ Kxd7 15. Ng5 Raf8 16. f4 Nc4 17. Qd3 Ne7 18.
Nxh7 Rc8 19. Ng5 Ke8 20. Bc1 Nf5 21. g4 Nh4 22. f5 Qe7 23. fxe6 fxe6 24. Rf7 Qxf7 25.
Nxf7 Kxf7 26. Bg5 Kg8 27. Rf1 cxd4 28. cxd4 Nb2 29. Qb5 Rxc2 30. Qe8+ Kh7 31. Qh5+ Kg8 32. Qf7+ Kh7 33. Bxh4 Nd3 34. Bf6 Rg8 35. Qh5# 1-0

[Event "*** Titled Tuesday Blitz"]
[Site "Chess.com"]
[Date "2020.04.07"]
[Round "7"]
[White "maxip32"]
[Black "TheBigBadChessDad"]
[Result "0-1"]
[WhiteElo "2455"]
[BlackElo "2283"]
[TimeControl "180+1"]
[EndTime "14:18:33 PDT"]
[Termination "TheBigBadChessDad won on time"]

1. e4 e5 2. Nf3 Nf6 3. Nxe5 d6 4. Nf3 Nxe4 5. Nc3 Nxc3 6. dxc3 Be7 7. Bf4 Nd7 8. Qd2 O-O 9. O-O-O Re8 10. h4 Nf6 11.
Bd3 d5 12. Rde1 c5 13. c4 d4 14. Ng5 h6 15. Ne4 Be6 16. Bxh6 Nxe4 17. Bxe4 Bxc4 18. Rh3 Bf6 19. Rg3 Kf8 20. Bg5 Qd6 21. b3 Ba6 22. Rf3 Re6 23. h5 Rae8 24. Bxf6 Rxf6 25. Rxf6 Qxf6 26.
f3 Qh6 27. Qxh6 gxh6 28. Kd2 b6 29. g4 Bc8 30. a4 Kg7 31. Ra1 a5 32. Re1 Kf6 33.
Kd3 Kg5 34. Rf1 Ba6+ 0-1